 Dungeon Crawl Stone Soup version 0.31.0-32-g396128a36d (webtiles) character file.

Game seed: 9951742421420832239

655 Incoherant the Trooper (level 7, 0/62 HPs)
             Began as a Black Draconian Shapeshifter on Mar 27, 2024.
             Succumbed to a gnoll's poison
             ... on level 5 of the Dungeon.
             The game lasted 00:06:28 (4237 turns).

Incoherant the Trooper (DrSh)                       Turns: 4237, Time: 00:06:28

Health: 0/62       AC:  6    Str: 14 (17) XL:     7   Next: 29%
Magic:  7/7        EV: 11    Int:  9 (12) God:
Gold:   310        SH:  0    Dex:  7 (10) Spells: 6/6 levels left

rFire   . . .        t - +2 dagger (venom)
rCold   . . .        (no shield)
rNeg    . . .        (body armour unavailable)
rPois   .            (helmet currently unavailable)
rElec   +            (cloak currently unavailable)
rCorr   .            (gloves currently unavailable)
SInv    .            (boots currently unavailable)
Will    .....        (no amulet)
Stlth   +            (no ring)
HPRegen 0.30/turn    (no ring)
MPRegen 0.10/turn

%: no passive effects
@: brilliant, lethally poisoned (0 -> -5), short of breath, beast-form
A: beast (slay +3), breathe lightning, AC +6, unfitting armour, electricity
resistance, cold-blooded
a: Breathe Lightning, Begin Untransformation


You were on level 5 of the Dungeon.
You were a hulking beast.
You visited 1 branch of the dungeon, and saw 5 of its levels.
You also visited: Sewer.

You collected 310 gold pieces.


Innate Abilities, Weirdness & Mutations

You are a hulking beast.
Your limbs bulge with bestial killing power. (Slay +3)
You can breathe wild blasts of lightning.
Your glossy black scales are hard. (AC +6)
You cannot fit into any form of body armour.
You are resistant to electric shocks. (rElec)
You are cold-blooded and may be slowed by cold attacks.


   Skills:
 + Level 5.9 Fighting
 - Level 1.7 Dodging
 - Level 4.0 Unarmed Combat
 + Level 5.6 Shapeshifting


You had 6 spell levels left.
You didn't know any spells.
Your spell library contained the following spells:

 Spells                   Type           Power      Damage    Failure   Level
 Magic Dart               Conj           0%         1d3       38%         1
 Cigotuvi's Dreadful Rot  Necr/Alch/Air  0%         N/A       52%         2
 Scorch                   Fire           0%         2d5       52%         2
 Searing Ray              Conj           0%         2d4       52%         2
 Dazzling Flash           Conj/Hex       0%         N/A       77%         3
 Mephitic Cloud           Conj/Alch/Air  0%         N/A       77%         3
 Flame Wave               Conj/Fire      0%         2d4       99%         4
 Fulminant Prism          Conj/Alch      0%         3d5       99%         4
 Ignite Poison            Fire/Alch      0%         N/A       99%         4
 Curse of Agony           Necr           0%         N/A       100%        5
 Freezing Cloud           Conj/Ice/Air   0%         6-21      100%        5
 Silence                  Hex/Air        0%         N/A       100%        5
 Summon Cactus Giant      Summ           0%         N/A       100%        6

Inventory:

Hand Weapons
 t - a +2 dagger of venom (weapon)
Missiles
 g - 17 poisoned darts (quivered)
 n - 4 curare-tipped darts {=f}
Armour
 j - a +2 pair of gloves
Talismans
 b - a beast talisman
 c - a flux talisman
 f - a serpent talisman
 v - a blade talisman
Wands
 o - a wand of flame (24)
Scrolls
 d - a scroll of brand weapon {unknown}
 h - 6 scrolls of teleportation {unknown}
 i - 5 scrolls of identify {unknown}
 k - a scroll of revelation {unknown}
 q - a scroll of enchant weapon {unknown}
Potions
 a - 2 potions of lignification
 e - 2 potions of brilliance
 l - 2 potions of attraction {unknown}
 p - 2 potions of degeneration
 r - a potion of curing {unknown}
 s - a potion of invisibility {unknown}
 u - a potion of might {unknown}

Dungeon Overview and Level Annotations

Branches:
Dungeon (5/15)              Sewer (visited)
 Temple: D:4-7

Altars:
Cheibriados
Kikubaaqudgha

Annotations:
D:3 1 runed translucent door, Crazy Yiuf

##$........#
h.........+
.)..^....
....... .5...
h.) #g# #g#
#h#######
########r.......
..r...........##
######.....##.#
##...## #
##..###...
#.........
#.######## #.#


You could see a hound, 2 gnolls, a shadow imp and a quokka.


Message History

The orb of electricity engulfs the gnoll bouda!!
You kill the gnoll bouda!
The orb of electricity engulfs the gnoll!!
You kill the gnoll!
The orb of electricity engulfs you. You resist.
The orb of electricity engulfs the gnoll.
The gnoll is heavily wounded.
The orb of electricity engulfs the gnoll!!
You kill the gnoll!
The orb of electricity explodes!
The orb of electricity engulfs you! You resist.
* * * LOW HITPOINT WARNING * * *
The orb of electricity engulfs the quokka.
The quokka is almost dead.
The bolt of lightning hits you. You resist.
* * * LOW HITPOINT WARNING * * *
The bolt of lightning misses you.
You feel sick.
You hear an angry hiss.
The shadow imp gestures at you. Pain shoots through your body!
* * * LOW HITPOINT WARNING * * *
The quokka closely misses you.
It was a potion of brilliance.
You feel clever all of a sudden.
* * * LOW HITPOINT WARNING * * *
You feel sick. The quokka closely misses you.
It was a potion of degeneration.
There was something very wrong with that liquid.
You feel weakened.
You feel dopey.
You feel clumsy.
You die...

Skill      XL: |  1  2  3  4  5  6 |
---------------+-------------------+-----
Fighting       | 2 3 4 5 |  5.9
Shapeshifting  | 4 5 |  5.6
Unarmed Combat | 4 |  4.0
Dodging        | |  1.7

Action                     |  1- 3 |  4- 6 |  7- 9 || total
---------------------------+-------+-------+-------++-------
  Melee: Unarmed           |   111 |    72 |     6 ||   189
         Tailslap          |    15 |    11 |       ||    26
         Punch             |     2 |     2 |       ||     4
         Dagger            |       |    68 |     5 ||    73
  Throw: Dart              |       |     8 |       ||     8
Ability: Breathe Lightning |       |       |     1 ||     1
  Evoke: Wand              |       |     1 |       ||     1
    Use: Potion            |       |       |     2 ||     2
   Stab: Sleeping          |     2 |       |       ||     2
 Armour: Skin              |    54 |    77 |    15 ||   146
  Dodge: Dodged            |    52 |    51 |     6 ||   109

Levels and vault maps discovered:
D:1:      dpeg_arrival_arbitrary_a, layout_basic, nicolae_houndstooth_variations
D:2:      layout_loops_ring
D:3:      layout_basic, mainiacjoe_overflow_small_starburst,
          ebering_ecumenical_altar_hall, cheibrodos_sewer_entry_drain,
          solitary_fountain, chequers_serial_rivers_room_b,
          kennysheep_crisscross, lemuel_flame_loot_1, uniq_crazy_yiuf_cottage,
          uniq_jessica
D:4:      layout_loops_ring, amcnicky_altar_gilded
D:5:      layout_loops_corners

Notes
Turn   | Place    | Note
-------+----------+-------------------------------------------
     0 | D:1      | Incoherant the Draconian Shapeshifter began the quest for
                  | the Orb.
     0 | D:1      | Reached XP level 1. HP: 16/16 MP: 1/1
    40 | D:1      | Reached skill level 2 in Fighting
    95 | D:1      | Reached XP level 2. HP: 21/25 MP: 2/2
   404 | D:1      | Reached skill level 3 in Fighting
  1035 | D:2      | Reached XP level 3. HP: 16/31 MP: 3/3
  1658 | D:2      | Reached XP level 4. HP: 40/40 MP: 4/4
  1835 | D:3      | Noticed Jessica
  1845 | D:3      | Killed Jessica
  1881 | D:3      | Reached skill level 4 in Fighting
  2006 | D:3      | Found an ancient bone altar of Kikubaaqudgha.
  2026 | D:3      | Found a glowing drain.
  2048 | Sewer    | Entered a sewer
  2097 | Sewer    | Noticed Pargi
  2108 | Sewer    | Killed Pargi
  2109 | Sewer    | Reached skill level 4 in Shapeshifting
  2109 | Sewer    | Reached XP level 5. HP: 47/47 MP: 5/5
  2515 | D:3      | Found a faded altar of an unknown god.
  2561 | D:3      | Found a runed translucent door.
  2562 | D:3      | Noticed Crazy Yiuf
  3069 | D:4      | Reached XP level 6. HP: 53/53 MP: 6/6
  3195 | D:4      | Found a snail-covered altar of Cheibriados.
  3472 | D:4      | Reached skill level 4 in Unarmed Combat
  3721 | D:5      | Entered Level 5 of the Dungeon
  3746 | D:5      | Reached skill level 5 in Fighting
  3746 | D:5      | Reached skill level 5 in Shapeshifting
  4075 | D:5      | Your scales start taking on a glossy black colour.
  4075 | D:5      | Reached XP level 7. HP: 60/61 MP: 7/7
  4075 | D:5      | Gained mutation: You are resistant to electric shocks.
                  | (rElec) [Black Draconian growth]
  4235 | D:5      | HP: 3/62 [shadow imp/nerve-wracking pain (14)]
  4237 | D:5      | Succumbed to a gnoll's poison

Vanquished Creatures
  Pargi (Sewer)
  An ogre (D:5)
  A phantom (D:5)
  A scorpion (D:5)
  A bombardier beetle (D:3)
  A hound (D:5)
  An orc priest (D:4)
  A gnoll bouda (D:5)
  Jessica (D:3)
  2 orc wizards (D:4)
  2 gnolls (D:5)
  3 adders
  2 dart slugs
  A ribbon worm (D:3)
  11 orcs
  6 ball pythons
  8 endoplasms
  A giant cockroach (D:1)
  6 goblins
  10 hobgoblins
  4 jackals
  2 quokkas
  4 bats
  5 frilled lizards
  9 kobolds
  4 rats
89 creatures vanquished.

Table legend: (Time is in decaauts)
 A = Elapsed time spent in this place.
 B = Non-inter-level travel time spent in this place.
 C = Inter-level travel time spent in this place.
 D = Time resting spent in this place.
 E = Time spent auto-exploring this place.
 F = Levels seen in this place.
 G = Mean time per level.
                   A        B        C        D        E       F      G
               +--------+--------+--------+--------+--------+-----+--------+
         Total |   4234 |   4157 |     77 |    603 |   2823 |   6 |  705.7 |
       Dungeon |   3901 |   3824 |     77 |    401 |   2741 |   5 |  780.2 |
         Sewer |    333 |    333 |      0 |    202 |     81 |   1 |  333.0 |
               +--------+--------+--------+--------+--------+-----+--------+

Top non-repeatable levels by time:
     D:4: 966 daAuts
     D:1: 939 daAuts
     D:2: 885 daAuts
     D:3: 733 daAuts
     D:5: 376 daAuts
   Sewer: 333 daAuts

Table legend:
 A = Non-vault XP
 B = Vault XP
 C = Vault XP percentage of total XP
 D = Non-vault monster count
 E = Vault monster count
 F = Vault count percentage of total count
                 A         B        C        D         E       F
            +---------+---------+-------+---------+---------+-------
      Total |     754 |     183 |  19.5 |      81 |       8 |   9.0
            +---------+---------+-------+---------+---------+-------
        D:1 |      37 |       0 |   0.0 |      20 |       0 |   0.0
        D:2 |      64 |       0 |   0.0 |      25 |       0 |   0.0
        D:3 |      80 |      40 |  33.3 |      15 |       3 |  16.7
        D:4 |     152 |       0 |   0.0 |      13 |       0 |   0.0
        D:5 |     421 |       0 |   0.0 |       8 |       0 |   0.0
      Sewer |       0 |     143 | 100.0 |       0 |       5 | 100.0
            +---------+---------+-------+---------+---------+-------
